 Dungeon Sprint DCSS version 0.29-a0-789-g7a8fcbc185 (webtiles) character file.

Game seed: 13292332009521351456

11262 mhtbhm the Severer (level 11, 0/110 HPs)
             Began as a Minotaur Fighter on July 2, 2022.
             Was the Champion of Qazlal.
             Succumbed to an emperor scorpion's poison
             ... in the Dungeon (Sprint VII: "The Pits").
             The game lasted 00:05:20 (2724 turns).

mhtbhm the Severer (Minotaur Fighter)               Turns: 2724, Time: 00:05:21

Health: 0/110      AC: 25    Str: 26    XL:     11   Next: 47%
Magic:  8/19       EV: 12    Int:  5    God:    Qazlal [******]
Gold:   0          SH: 15    Dex:  9    Spells: 10/10 levels left

rFire   . . .      SeeInvis .   a - +2 hand axe (freeze)
rCold   . . .      Faith    .   c - +0 buckler
rNeg    . . .      Spirit   .   b - +4 scale mail
rPois   .          Reflect  .   (helmet restricted)
rElec   .          Harm     .   s - +0 cloak
rCorr   .          Rampage  .   r - +0 pair of gloves
Will    .....      NoTele   +   (no boots)
Stlth   +.........              (no amulet)
HPRegen 0.28/turn               p - +3 ring of protection
MPRegen 0.16/turn               q - +3 ring of protection

@: lethally poisoned (0 -> -62), protected from physical damage, repel missiles
A: horns 2, retaliatory headbutt
a: Renounce Religion, Upheaval, Elemental Force, Disaster Area


You were in the Dungeon.
You worshipped Qazlal.
Qazlal was exalted by your worship.
You visited 1 branch

Inventory:

Hand Weapons
 a - a +2 hand axe of freezing (weapon)
Missiles
 o - 3 poisoned darts (quivered)
Armour
 b - a +4 scale mail (worn)
 c - a +0 buckler (worn)
 r - a +0 pair of gloves (worn)
 s - a +0 cloak (worn)
Jewellery
 p - a +3 ring of protection (left hand)
 q - a +3 ring of protection (right hand)
Scrolls
 l - 5 scrolls of amnesia
 m - a scroll of summoning
Potions
 d - 2 potions of might
 e - 6 potions of curing
 f - 8 potions of heal wounds
 g - a potion of haste
 h - 4 potions of magic
 i - 2 potions of berserk rage
 k - 2 potions of invisibility
 n - 2 potions of brilliance


   Skills:
 + Level 14.2 Fighting
 + Level 16.2 Axes
 + Level 2.5 Throwing
 + Level 13.7 Armour
 + Level 8.2 Dodging
 + Level 3.4 Stealth
 + Level 15.5 Shields
 * Level 13.0 Invocations


You had 10 spell levels left.
You didn't know any spells.
Your spell library was empty.

Dungeon Overview and Level Annotations

Branches:
Dungeon (1/1)

Altars:
Ashenzari
Cheibriados
Dithmenos
Elyvilon
Fedhas
Gozag
Hepliaklqana
Kikubaaqudgha
Makhleb
Nemelex Xobeh
Okawaru
Qazlal
Ru
Sif Muna
Trog
Uskayaw
Vehumet
Wu Jian
Xom
Yredelemnul
Zin
The Shining One
Jiyva
Lugonu

Annotations:
D Urug


Innate Abilities, Weirdness & Mutations

You have a pair of horns on your head.
You reflexively headbutt those who attack you in melee.


Message History

The stunning burst hits the emperor scorpion but does no damage.
Unknown command.
Unknown command.
The emperor scorpion is no longer paralysed.
Your air elemental hits the emperor scorpion.
Your fire elemental hits the emperor scorpion.
Your fire elemental burns the emperor scorpion!
Your air elemental fires a burst of electricity at the emperor scorpion.
The stunning burst hits your fire elemental.
Your fire elemental resists.
The stunning burst hits the emperor scorpion.
The emperor scorpion is paralysed.
The helpless emperor scorpion fails to defend itself.
You hit the emperor scorpion but do no damage.
You headbutt the emperor scorpion, but do no damage.
The emperor scorpion is moderately wounded.
Your fire elemental disappears in a puff of smoke!
Your air elemental disappears in a puff of smoke!
The emperor scorpion is no longer paralysed.
The emperor scorpion stings you!
* * * LOW HITPOINT WARNING * * *
You are lethally poisoned!
The emperor scorpion poisons you!
You block the emperor scorpion's attack. x2
Unknown command.
You slash the emperor scorpion! You freeze the emperor scorpion.
You headbutt the emperor scorpion, but do no damage.
The emperor scorpion is moderately wounded.
* * * LOW HITPOINT WARNING * * *
You feel very sick.
The emperor scorpion is engulfed in blazing flames.
The emperor scorpion stings you!
* * * LOW HITPOINT WARNING * * *
You are more poisoned.
The emperor scorpion poisons you!
You block the emperor scorpion's attack. x2
You hit the emperor scorpion but do no damage.
Your headbutt misses the emperor scorpion.
The emperor scorpion is heavily wounded.
You die...

........# #''###### #''# #####
######## # #..###...###..'...#
.. #...##.).##..##)..### ...
##)..##'##..###...+.## ....
##.)........##...#..## ...#
##.)###'###...##'##..5###)..###
#..##.))).##..#.@s#5..#.5W≈...#
#..+.......+..'.°.W559).)≈....#
#..##.....##..#...#3..#.5..≈..#
##..###'###...##'##...###5..###
##...).†....##.).#..## ....#
#...##†##..###...+.## ...≈..
#...##†.†##..##...### ≈.≈..
#..# #...###..+...# ..... ###
##### #######


You could see an emperor scorpion, an eidolon, a ynoxinul, a gargoyle and 2
ufetubi.

Vanquished Creatures
  A boulder beetle (D)
  Erica (D)
  3 two-headed ogres (D)
  A deep troll (D)
  2 deep elf zephyrmancers (D)
  2 manticores (D)
  Psyche (D)
  A demonic crawler (D)
  A rime drake (D)
  A komodo dragon (D)
  2 merfolk (D)
  6 dream sheep (D)
  A hornet (D)
  A spriggan (D)
  2 flying skulls (D)
  A jumping spider (D)
  A fire bat (D)
  2 redbacks (D)
  A neqoxec (D)
  Edmund (D)
  A warg (D)
  A water moccasin (D)
  Duvessa (D)
  3 floating eyes (D)
  A swamp drake (D)
  A phantom (D)
  A wolf (D)
  A centaur (D)
  2 kobold brigands (D)
  A scorpion (D)
  6 wights (D)
  Dowan (D)
  5 killer bees (D)
  2 jellies (D)
  An orc priest (D)
  An orc wizard (D)
  A gnoll (D)
  2 adders (D)
  An adder zombie (D)
  An orc (D)
  A ball python (D)
  An endoplasm (D)
  A jackal (D)
  A ball python zombie (D)
70 creatures vanquished.

Vanquished Creatures (collateral kills)
  A swamp dragon (D)
1 creature vanquished.

Grand Total: 71 creatures vanquished

Notes
Turn   | Place    | Note
-------+----------+-------------------------------------------
     0 | D        | mhtbhm the Minotaur Fighter began the quest for the Orb.
     0 | D        | Reached XP level 1. HP: 19/19 MP: 0/0
    15 | D        | Found a bloodstained altar of Trog.
    15 | D        | Found a shimmering blue altar of Sif Muna.
    15 | D        | Found a viscous altar of Jiyva.
    15 | D        | Found a hazy altar of Hepliaklqana.
    15 | D        | Found an opulent altar of Gozag.
    16 | D        | Found a glowing golden altar of the Shining One.
    16 | D        | Found a glowing silver altar of Zin.
    16 | D        | Found a basalt altar of Yredelemnul.
    16 | D        | Found a shimmering altar of Xom.
    16 | D        | Found an ornate altar of the Wu Jian Council.
    16 | D        | Found a sacrificial altar of Ru.
    16 | D        | Found a stormy altar of Qazlal.
    16 | D        | Found an iron altar of Okawaru.
    16 | D        | Found a sparkling altar of Nemelex Xobeh.
    16 | D        | Found a burning altar of Makhleb.
    16 | D        | Found a blossoming altar of Fedhas.
    16 | D        | Found a white marble altar of Elyvilon.
    16 | D        | Found a shadowy altar of Dithmenos.
    16 | D        | Found a snail-covered altar of Cheibriados.
    18 | D        | Found a radiant altar of Vehumet.
    18 | D        | Found a corrupted altar of Lugonu.
    19 | D        | Found a hide-covered altar of Uskayaw.
    19 | D        | Found an ancient bone altar of Kikubaaqudgha.
    19 | D        | Found a broken altar of Ashenzari.
    23 | D        | Became a worshipper of Qazlal Stormbringer
    68 | D        | Noticed a floating eye
    71 | D        | Paralysed by a floating eye for 2 turns
    76 | D        | Paralysed by a floating eye for 4 turns
    81 | D        | Paralysed by a floating eye for 2 turns
    84 | D        | Reached skill level 3 in Axes
    84 | D        | Reached XP level 2. HP: 15/28 MP: 1/1
    86 | D        | Killed a floating eye
    86 | D        | Reached * piety under Qazlal
    87 | D        | Reached skill level 4 in Axes
    87 | D        | Reached skill level 1 in Dodging
    87 | D        | Reached XP level 3. HP: 21/38 MP: 1/4
    87 | D        | Reached XP level 4. HP: 25/45 MP: 1/5
   216 | D        | Noticed a floating eye
   220 | D        | Killed a floating eye
   221 | D        | Reached skill level 6 in Axes
   221 | D        | Reached XP level 5. HP: 52/52 MP: 5/7
   222 | D        | Noticed a floating eye
   227 | D        | Paralysed by a floating eye for 2 turns
   229 | D        | Reached ** piety under Qazlal
   231 | D        | Killed a floating eye
   232 | D        | Reached skill level 7 in Axes
   232 | D        | Reached skill level 5 in Invocations
   232 | D        | Reached XP level 6. HP: 44/62 MP: 6/9
   385 | D        | Noticed Duvessa
   385 | D        | Noticed Dowan
   385 | D        | Noticed a water moccasin
   386 | D        | Noticed a flying skull
   386 | D        | Noticed a flying skull
   388 | D        | Noticed Edmund
   390 | D        | Killed Duvessa
   390 | D        | Reached *** piety under Qazlal
   391 | D        | Reached skill level 8 in Axes
   392 | D        | Killed Dowan
   398 | D        | Killed a flying skull
   399 | D        | Reached skill level 9 in Axes
   399 | D        | Reached XP level 7. HP: 70/70 MP: 10/10
   401 | D        | Killed a flying skull
   403 | D        | Reached **** piety under Qazlal
   404 | D        | Killed Edmund
   405 | D        | Reached skill level 10 in Fighting
   405 | D        | Reached skill level 10 in Axes
   405 | D        | Reached skill level 10 in Armour
   405 | D        | Reached XP level 8. HP: 56/79 MP: 10/12
   609 | D        | Noticed a merfolk
   620 | D        | Killed a merfolk
   621 | D        | Reached skill level 11 in Axes
   632 | D        | Reached ***** piety under Qazlal
   633 | D        | Reached skill level 10 in Shields
   949 | D        | Noticed a demonic crawler
   949 | D        | Noticed a jumping spider
   960 | D        | Killed a demonic crawler
   961 | D        | Reached skill level 12 in Axes
   966 | D        | Killed a jumping spider
  1195 | D        | Noticed a deep elf zephyrmancer
  1197 | D        | Noticed a merfolk
  1200 | D        | Killed a deep elf zephyrmancer
  1201 | D        | Reached skill level 13 in Axes
  1201 | D        | Reached XP level 9. HP: 83/89 MP: 14/14
  1208 | D        | Killed a merfolk
  1209 | D        | Reached skill level 1 in Stealth
  1215 | D        | Paralysed by a hornet for 3 turns
  1216 | D        | Noticed a manticore
  1222 | D        | Reached ****** piety under Qazlal
  1229 | D        | Killed a manticore
  1510 | D        | Reached skill level 14 in Axes
  1510 | D        | Reached skill level 5 in Dodging
  1510 | D        | Reached skill level 10 in Invocations
  1520 | D        | Reached skill level 1 in Throwing
  1527 | D        | Reached XP level 10. HP: 91/97 MP: 16/16
  1555 | D        | Noticed a two-headed ogre
  1555 | D        | Noticed a manticore
  1562 | D        | Killed a two-headed ogre
  1566 | D        | Killed a manticore
  1567 | D        | Reached skill level 15 in Axes
  1570 | D        | Noticed Erica
  1582 | D        | Killed Erica
  1682 | D        | Noticed a two-headed ogre
  1684 | D        | Noticed a boulder beetle
  1691 | D        | Killed a two-headed ogre
  1741 | D        | Killed a boulder beetle
  1844 | D        | Noticed a two-headed ogre
  1852 | D        | Killed a two-headed ogre
  1853 | D        | Reached XP level 11. HP: 70/107 MP: 19/19
  2013 | D        | Noticed Psyche
  2025 | D        | Killed Psyche
  2137 | D        | Noticed a deep elf zephyrmancer
  2137 | D        | Noticed a deep troll
  2144 | D        | Killed a deep elf zephyrmancer
  2145 | D        | Reached skill level 16 in Axes
  2150 | D        | Killed a deep troll
  2151 | D        | Reached skill level 15 in Shields
  2482 | D        | Lost intelligence.
  2692 | D        | Noticed an emperor scorpion
  2693 | D        | Noticed Urug
  2693 | D        | Noticed a swamp dragon
  2700 | D        | Noticed an eidolon
  2718 | D        | Killed a swamp dragon
  2724 | D        | Succumbed to an emperor scorpion's poison

Illustrated notes

Levels and vault maps discovered:
D:        pitsprint [storerooms_1, entrance_room_1, metal_vault_5, armoury_1,
          mini_pit_1, grid_room_1, main_hall_1, silver_pit, the_coven_3,
          the_vestibule_1, steel_vault_5, golden_pit, hallway_of_sentries,
          crystal_vault_5, iron_vault_1, final_vault]

Skill      XL: |  1  2  3  4  5  6  7  8  9 10 11 |
---------------+----------------------------------+-----
Fighting       | 4 6 7 8 9 10 11 12 13 14 | 14.2
Armour         | 4 6 7 8 9 10 11 12 13 | 13.7
Shields        | 4 6 7 8 9 10 11 14 15 | 15.5
Axes           | 3 4 6 7 9 10 13 14 15 16 | 16.2
Dodging        | 1 2 3 4 5 7 8 |  8.2
Invocations    | 3 4 5 6 7 9 10 12 13 | 13.0
Stealth        | 1 2 3 |  3.4
Throwing       | 1 2 |  2.5

Action                   |  1- 3 |  4- 6 |  7- 9 | 10-12 || total
-------------------------+-------+-------+-------+-------++-------
Melee: Hand axe          |    15 |    22 |    90 |   122 ||   249
       Headbutt          |     3 |     5 |    23 |    33 ||    64
       War axe           |     1 |       |       |       ||     1
Throw: Dart              |       |       |     3 |       ||     3
Invok: Elemental Force   |       |       |       |     1 ||     1
       Disaster Area     |       |       |       |     1 ||     1
  Use: Potion            |     1 |     1 |     2 |     4 ||     8
       Scroll            |       |       |       |     1 ||     1
 Stab: Invisible         |       |       |       |     2 ||     2
       Confused          |       |       |       |     1 ||     1
       Paralysed         |       |       |       |     1 ||     1
Armor: Scale mail        |    10 |     3 |    10 |    73 ||    96
       Chain mail        |       |     7 |    14 |       ||    21
Dodge: Dodged            |    11 |     9 |    11 |    51 ||    82
Block: Buckler           |     1 |     7 |    37 |    96 ||   141

Table legend: (Time is in decaauts)
 A = Elapsed time spent in this place.
 B = Non-inter-level travel time spent in this place.
 C = Inter-level travel time spent in this place.
 D = Time resting spent in this place.
 E = Time spent auto-exploring this place.
 F = Levels seen in this place.
 G = Mean time per level.
                   A        B        C        D        E       F      G
               +--------+--------+--------+--------+--------+-----+--------+
         Total |   2677 |   2677 |      0 |   2012 |     74 |   1 | 2677.0 |
       Dungeon |   2677 |   2677 |      0 |   2012 |     74 |   1 | 2677.0 |
               +--------+--------+--------+--------+--------+-----+--------+

Top non-repeatable levels by time:
       D: 2677 daAuts
